[Event "LAT-chT Higher League 2019"]
[Site "Riga"]
[Date "2019.10.12"]
[Round "7.1"]
[White "Mierins, Eriks"]
[Black "Laurusas, Tomas"]
[Result "0-1"]
[ECO "B84"]
[WhiteElo "2194"]
[BlackElo "2501"]
[Annotator "ChessBase"]
[PlyCount "74"]
[EventDate "2019.02.15"]
[EventType "team-tourn"]
[EventCountry "LAT"]
[SourceTitle "playchess.com"]
[Source "ChessBase"]
[SourceQuality "1"]
[TimeControl "40/5400+30:1800+30"]

1. e4 c5 2. Nf3 d6 3. d4 cxd4 4. Nxd4 Nf6 5. Nc3 a6 6. Be2 e6 7. Be3 Nbd7 8. a4 b6 9. f4 Bb7 10. Bf3 Rc8 11. O-O Be7 12. f5 e5 13. Ne6 fxe6 14. Bh5+ g6 15. fxg6 O-O 16. Bh6 Rxc3 17. bxc3 Bxe4 18. gxh7+ Kxh7 19. Bxf8 Qxf8 20. c4 Qh6 21. Ra3 Nxh5 22. Rf7+ Kg8 23. Rxe7 Qg5 24. Qe2 Ndf6 25. Qf1 Bf5 26. a5 Ne4 27. Re8+ Kf7 28. axb6 Kxe8 29. b7 Qd8 30. Rxa6 Kf7 31. g4 Qc7 32. gxf5 Nf4 33. fxe6+ Kxe6 34. b8=Q Qxb8 35. c5 Kf5 36. cxd6 Qg8+ 37. Kh1 Qd5 0-1

[Event "LAT-chT Higher League 2019"]
[Site "Riga"]
[Date "2019.10.12"]
[Round "7.2"]
[White "Bernotas, Arturs"]
[Black "Wenzel, Birger"]
[Result "1-0"]
[ECO "B18"]
[WhiteElo "2366"]
[BlackElo "2055"]
[Annotator "NA"]
[PlyCount "89"]
[EventDate "2019.02.15"]
[EventType "team-tourn"]
[EventCountry "LAT"]
[SourceTitle "playchess.com"]
[Source "ChessBase"]
[SourceQuality "1"]
[TimeControl "40/5400+30:1800+30"]

1. e4 c6 2. d4 d5 3. Nc3 dxe4 4. Nxe4 Bf5 5. Ng3 Bg6 6. Nh3 Nd7 7. Nf4 e5 8. Nxg6 hxg6 9. dxe5 Qa5+ 10. Bd2 Qxe5+ 11. Qe2 Ngf6 12. O-O-O Qxe2 13. Bxe2 Bc5 14. f4 O-O-O 15. Bf3 Rhe8 16. Rhe1 Nb6 17. Rxe8 Rxe8 18. f5 gxf5 19. Nxf5 Bf8 20. Bc3 Nbd5 21. Bd4 g6 22. c4 gxf5 23. cxd5 Bh6+ 24. Kb1 Nxd5 25. Bxa7 Ne3 26. Re1 f4 27. g3 fxg3 28. hxg3 f6 29. Rh1 Bg5 30. Rh7 Re5 31. Rf7 Rb5 32. Bd4 Nc4 33. Bg4+ Kb8 34. b3 Nd2+ 35. Kc2 Ne4 36. Kd3 Nc5+ 37. Kc4 Ne4 38. Re7 Nd6+ 39. Kd3 f5 40. Re6 fxg4 41. Rxd6 Kc7 42. Rg6 Rd5 43. Ke4 b5 44. Be5+ Rxe5+ 45. Kxe5 1-0

[Event "LAT-chT Higher League 2019"]
[Site "Riga"]
[Date "2019.10.12"]
[Round "7.3"]
[White "Beks, Edmunds"]
[Black "Klimakovs, Sergejs"]
[Result "0-1"]
[ECO "D78"]
[WhiteElo "2024"]
[BlackElo "2313"]
[Annotator "NA"]
[PlyCount "94"]
[EventDate "2019.02.15"]
[EventType "team-tourn"]
[EventCountry "LAT"]
[SourceTitle "playchess.com"]
[Source "ChessBase"]
[SourceQuality "1"]
[TimeControl "40/5400+30:1800+30"]

1. Nf3 d5 2. g3 g6 3. Bg2 Bg7 4. d4 Nf6 5. O-O O-O 6. c4 c6 7. b3 Ne4 8. Bb2 a5 9. Nbd2 a4 $11 10. Nxe4 dxe4 11. Ne1 c5 12. e3 Nc6 13. Nc2 f5 14. f3 exf3 15. Bxf3 Qa5 16. Ba3 cxd4 17. exd4 Rd8 18. Bxc6 bxc6 19. Bxe7 Rxd4 20. Nxd4 Qa7 21. c5 Qxe7 22. Qd2 Qxc5 23. Rad1 Ba6 24. b4 Qb6 25. Rf4 Rd8 26. Qe1 g5 27. Rxf5 Bxd4+ 28. Kg2 Bc4 29. Rxg5+ Kh8 30. Qe7 Rg8 31. Rxg8+ Bxg8 32. Qf8 Qa7 33. Qc8 Qg7 34. Qxc6 Qe5 35. Rxd4 Qxd4 36. Qxa4 Bd5+ 37. Kh3 Be6+ 38. Kg2 Qd2+ 39. Kf3 Bd5+ 40. Kg4 Qe2+ 41. Kg5 Qe5+ 42. Kh4 Qf6+ 43. Kh3 Qf5+ 44. Kh4 Be6 45. Qe8+ Kg7 46. Qe7+ Kh6 47. Qe8 Qg4# 0-1

[Event "LAT-chT Higher League 2019"]
[Site "Riga"]
[Date "2019.10.12"]
[Round "7.4"]
[White "Dzjuba, Vsevolod"]
[Black "Bagatais, Janis"]
[Result "1-0"]
[ECO "C87"]
[WhiteElo "2160"]
[BlackElo "1803"]
[Annotator "NA"]
[PlyCount "101"]
[EventDate "2019.02.15"]
[EventType "team-tourn"]
[EventCountry "LAT"]
[SourceTitle "playchess.com"]
[Source "ChessBase"]
[SourceQuality "1"]
[TimeControl "40/5400+30:1800+30"]

1. e4 e5 2. Nf3 Nc6 3. Bb5 a6 4. Ba4 Nf6 5. O-O Be7 6. Re1 O-O 7. Bxc6 dxc6 8. Nxe5 c5 9. d3 Nd7 10. Nxd7 Bxd7 11. Nc3 c6 12. Be3 f5 13. Qd2 b5 14. Rad1 Rf7 15. d4 f4 16. Bxf4 Bg4 17. Ne2 Bxe2 18. Rxe2 cxd4 19. Be5 c5 20. c3 dxc3 21. Bxc3 Qb6 22. Ba5 Qg6 23. f4 Qg4 24. Rf1 Ra7 25. h3 Qc8 26. Qd5 Rd7 27. Qe6 Kf8 28. e5 c4 29. Kh2 Rd8 30. Qxc8 Rxc8 31. f5 Bc5 32. e6 Rb7 33. Rd1 Be7 34. Rd7 Rxd7 35. exd7 Ra8 36. g4 Kf7 37. Kg2 g6 38. Kf3 gxf5 39. gxf5 Rg8 40. Re6 Bd8 41. Rxa6 Bxa5 42. Rxa5 Ke7 43. Rxb5 Kxd7 44. a4 Kd6 45. a5 Ra8 46. Kf4 Kc6 47. Rb6+ Kd5 48. a6 Kc5 49. Re6 Ra7 50. Ke5 h5 51. f6 {[%emt 0:04:56] Kd5} 1-0

[Event "LAT-chT Higher League 2019"]
[Site "Riga"]
[Date "2019.10.12"]
[Round "7.5"]
[White "Zemzare, Agnija"]
[Black "Chernyak, Viktoria"]
[Result "0-1"]
[ECO "D35"]
[WhiteElo "1931"]
[BlackElo "2284"]
[Annotator "NA"]
[PlyCount "110"]
[EventDate "2019.02.15"]
[EventType "team-tourn"]
[EventCountry "LAT"]
[SourceTitle "playchess.com"]
[Source "ChessBase"]
[SourceQuality "1"]
[TimeControl "40/5400+30:1800+30"]

1. d4 d5 2. c4 e6 3. Nc3 c6 4. cxd5 exd5 5. Bf4 Nf6 6. e3 Nbd7 7. Bd3 Be7 8. Qc2 Nf8 9. Nf3 Nh5 $14 10. Be5 Ng6 11. h3 Nxe5 12. dxe5 g6 13. Rd1 O-O 14. O-O Bd7 15. Rd2 b5 16. g4 Ng7 17. e4 b4 18. Ne2 dxe4 19. Bxe4 Qc7 20. Nf4 Rac8 21. Rc1 Ne6 22. Nxe6 Bxe6 23. Bxc6 Qb6 24. b3 Rc7 25. Qe4 Bc5 26. Nd4 Rfc8 27. Bd5 Bxd4 28. Rxc7 Bxf2+ 29. Rxf2 Rxc7 30. Bxe6 Qxe6 31. Re2 Qb6+ 32. Kg2 Rc1 33. Rf2 Rd1 34. Qf3 Rd7 35. Qf6 Qe3 36. g5 a5 37. Qf4 Qxf4 38. Rxf4 Rd5 39. Re4 Rd2+ 40. Kf3 Rxa2 41. Re3 Kf8 42. Ke4 Rg2 43. Kf4 Ke7 44. Rd3 Re2 45. Rd5 Rh2 46. Kg3 Ra2 47. Kf4 Ra3 48. Rb5 Rxb3 49. Rxa5 Rxh3 50. Ra7+ Ke6 51. Ra6+ Kd5 52. Rd6+ Kc4 53. Rd7 Rh1 54. Ke4 Re1+ 55. Kf4 b3 0-1

[Event "LAT-chT Higher League 2019"]
[Site "Riga"]
[Date "2019.10.12"]
[Round "7.6"]
[White "Semjonovs, Ilja"]
[Black "Antoms, Guntars"]
[Result "1-0"]
[ECO "C41"]
[WhiteElo "2357"]
[BlackElo "2337"]
[Annotator "NA"]
[PlyCount "105"]
[EventDate "2019.02.15"]
[EventType "team-tourn"]
[EventCountry "LAT"]
[SourceTitle "playchess.com"]
[Source "ChessBase"]
[SourceQuality "1"]
[TimeControl "40/5400+30:1800+30"]

1. e4 e5 2. Nf3 d6 3. d4 Nd7 4. Nc3 c6 5. Bc4 Be7 6. O-O Ngf6 7. a4 O-O 8. a5 Nxe4 9. Nxe4 d5 10. a6 exd4 11. Qxd4 dxc4 12. axb7 Bxb7 13. Nd6 c5 14. Nxb7 cxd4 15. Nxd8 Bxd8 16. Nxd4 Bb6 17. Be3 Rfe8 18. Nf5 Ne5 19. Bxb6 axb6 20. Nd6 Red8 21. Rxa8 Rxa8 22. f4 Ng4 23. Re1 c3 24. bxc3 h5 25. Rb1 Ra2 26. h3 Nf6 27. Rxb6 Rxc2 28. c4 h4 29. Rb8+ Kh7 30. f5 g6 31. Rb6 gxf5 32. Nxf5 Ne4 33. Rh6+ Kg8 34. Rxh4 Rxc4 35. Rg4+ Kf8 36. Kh2 Nd2 37. Rxc4 Nxc4 38. Kg3 f6 39. Kf4 Kf7 40. Ne3 Nd6 41. g4 Ne8 42. h4 Nc7 43. Ke4 Ne6 44. Nd5 Ng7 45. Nf4 Ne8 46. Kd5 Ng7 47. Kd6 Ne8+ 48. Kd7 Ng7 49. h5 f5 50. h6 Ne8 51. g5 Nf6+ 52. gxf6 Kxf6 53. Kd6 1-0

[Event "LAT-chT Higher League 2019"]
[Site "Riga"]
[Date "2019.10.12"]
[Round "7.7"]
[White "Shulman, Vladlen"]
[Black "Chukavin, Kirill"]
[Result "0-1"]
[ECO "B83"]
[WhiteElo "2238"]
[BlackElo "2332"]
[Annotator "NA"]
[PlyCount "76"]
[EventDate "2019.02.15"]
[EventType "team-tourn"]
[EventCountry "LAT"]
[SourceTitle "playchess.com"]
[Source "ChessBase"]
[SourceQuality "1"]
[TimeControl "40/5400+30:1800+30"]

1. e4 c5 2. Nf3 e6 3. Nc3 d6 4. d4 cxd4 5. Nxd4 Nf6 6. Be2 Be7 7. f4 Nc6 8. Be3 O-O 9. O-O e5 10. fxe5 dxe5 11. Nf5 Bxf5 12. Rxf5 g6 13. Rf1 Qxd1 14. Raxd1 Rfd8 15. h3 Rac8 16. g4 Nb4 17. Rxd8+ Rxd8 18. Rc1 Nd7 19. Bc4 Bc5 20. Kf2 Rc8 21. Bb3 Bxe3+ 22. Kxe3 Nc5 23. Bd5 Kg7 24. a3 Nxd5+ 25. exd5 f5 26. gxf5 gxf5 27. b4 Nd7 28. Kd3 Nb6 29. Rd1 e4+ 30. Kd2 Nc4+ 31. Ke2 Nb2 32. Nb5 Nxd1 33. Kxd1 Kf6 34. Nxa7 Rc3 35. Nb5 Rxh3 36. c4 Ke5 37. d6 f4 38. c5 Rd3+ 0-1

[Event "LAT-chT Higher League 2019"]
[Site "Riga"]
[Date "2019.10.12"]
[Round "7.8"]
[White "Golubovskis, Maksims"]
[Black "Zuckovs, Aleksejs"]
[Result "0-1"]
[ECO "B01"]
[WhiteElo "2078"]
[BlackElo "2328"]
[Annotator "NA"]
[PlyCount "90"]
[EventDate "2019.02.15"]
[EventType "team-tourn"]
[EventCountry "LAT"]
[SourceTitle "playchess.com"]
[Source "ChessBase"]
[SourceQuality "1"]
[TimeControl "40/5400+30:1800+30"]

1. e4 d5 2. exd5 Qxd5 3. Nc3 Qa5 4. d4 Nf6 5. Nf3 Bg4 6. h3 Bh5 7. g4 Bg6 8. Ne5 Nbd7 9. Nc4 Qa6 10. Bf4 Qe6+ 11. Ne3 Qb6 12. Nb5 Rc8 13. c4 a6 14. c5 Qc6 15. Na7 Qxh1 16. Nxc8 Nd5 17. Nxd5 Qxd5 18. Be2 e5 19. dxe5 Qh1+ 20. Bf1 Qe4+ 21. Be3 Bxc5 22. Qe2 Bb4+ 23. Kd1 Qd5+ 24. Kc1 O-O 25. f4 Rxc8 26. f5 Qxe5 27. fxg6 hxg6 28. Bf2 Qd5 29. Qd3 Qc6+ 30. Qc4 Qf6 31. Qe2 Bc5 32. Bg3 Bd6 33. Be1 Qg5+ 34. Kc2 Nf6 35. Rd1 Re8 36. Qf3 Qf4 37. Qxf4 Bxf4 38. Bc3 Be5 39. Bb4 c6 40. Bc4 b5 41. Bb3 c5 42. Bxc5 Rc8 43. Bxf7+ Kxf7 44. b4 Ke6 45. Kb1 Ne4 0-1

[Event "LAT-chT Higher League 2019"]
[Site "Riga"]
[Date "2019.10.12"]
[Round "7.9"]
[White "Gudovskis, Konstantins"]
[Black "Jazdanovs, Aleksandrs"]
[Result "0-1"]
[ECO "A31"]
[WhiteElo "2012"]
[BlackElo "2209"]
[Annotator "NA"]
[PlyCount "116"]
[EventDate "2019.02.15"]
[EventType "team-tourn"]
[EventCountry "LAT"]
[SourceTitle "playchess.com"]
[Source "ChessBase"]
[SourceQuality "1"]
[TimeControl "40/5400+30:1800+30"]

1. d4 Nf6 2. c4 c5 3. Nf3 cxd4 4. Nxd4 b6 5. Nc3 Bb7 6. f3 e6 7. e4 d6 8. Be3 Be7 9. Qd2 a6 10. Be2 Nbd7 11. O-O Rc8 12. Rac1 O-O 13. Rfd1 Re8 14. Bf1 Qc7 15. Qf2 Qb8 16. Nc2 Ne5 17. Na3 d5 18. cxd5 Neg4 19. fxg4 Nxg4 20. Qf4 Nxe3 21. Qxb8 Rxb8 22. Re1 Bc5 23. Kh1 exd5 24. exd5 Ra8 25. Nc4 Nxd5 26. Rxe8+ Rxe8 27. Na4 Rc8 28. Nxc5 Rxc5 29. Re1 Bc6 30. Ne5 Bb5 31. Bxb5 Rxb5 32. Nc4 g6 33. Kg1 Rc5 34. b3 b5 35. Ne3 Nxe3 36. Rxe3 Rc1+ 37. Kf2 Rc2+ 38. Kf3 Rxa2 39. Re8+ Kg7 40. Ra8 a5 41. h4 Ra3 42. Kf2 h5 43. Ra6 Rxb3 44. Rxa5 Kf6 45. Ra7 Ke6 46. g3 f6 47. Kg2 Kf5 48. Kh3 Rb1 49. Ra5 Ke5 50. Kg2 Rb2+ 51. Kh3 Kd4 52. Ra8 b4 53. Rg8 b3 54. Rxg6 Rf2 55. Rg8 b2 56. Rb8 Kc3 57. Rc8+ Kd2 58. Rb8 Kc1 0-1

[Event "LAT-chT Higher League 2019"]
[Site "Riga"]
[Date "2019.10.12"]
[Round "7.11"]
[White "Migunovs, Andrejs"]
[Black "Volodin, Aleksandr"]
[Result "0-1"]
[ECO "D02"]
[WhiteElo "1908"]
[BlackElo "2491"]
[Annotator "ChessBase"]
[PlyCount "94"]
[EventDate "2019.02.15"]
[EventType "team-tourn"]
[EventCountry "LAT"]
[SourceTitle "playchess.com"]
[Source "ChessBase"]
[SourceQuality "1"]
[TimeControl "40/5400+30:1800+30"]

1. d4 Nf6 2. Bf4 c5 3. e3 e6 4. c3 Nc6 5. Nf3 Be7 6. h3 d5 7. Nbd2 Bd6 8. Ne5 Qc7 9. Ndf3 Nd7 10. Bb5 O-O 11. Bxc6 bxc6 12. O-O f6 13. Nxd7 Bxd7 14. Bxd6 Qxd6 15. c4 cxd4 16. Qxd4 e5 17. Qd2 Rfd8 18. Rac1 Be8 19. cxd5 cxd5 20. Qa5 Rab8 21. Rc2 a6 22. Rfc1 Rb5 23. Qc7 Qxc7 24. Rxc7 Rxb2 25. Ra7 Rd7 26. Rxa6 Bg6 27. Rd1 Be4 28. Rd2 Rb1+ 29. Kh2 Kf7 30. a4 Ra1 31. Kg3 h5 32. a5 Ra4 33. Ne1 h4+ 34. Kh2 Ra1 35. f3 Rxe1 36. fxe4 Rxe3 37. exd5 Ra3 38. Kg1 Kg6 39. Kf2 Kf5 40. Ke2 Kf4 41. d6 e4 42. Ra8 Kg3 43. Rc8 Rxa5 44. Rc7 Rxc7 45. dxc7 Rc5 46. Rd7 g5 47. Kd1 e3 0-1

[Event "LAT-chT Higher League 2019"]
[Site "Riga"]
[Date "2019.10.12"]
[Round "7.12"]
[White "Mustaps, Matiss"]
[Black "Morozli, Grigorijs"]
[Result "1-0"]
[ECO "B01"]
[WhiteElo "2366"]
[BlackElo "1969"]
[Annotator "ChessBase"]
[PlyCount "63"]
[EventDate "2019.02.15"]
[EventType "team-tourn"]
[EventCountry "LAT"]
[SourceTitle "playchess.com"]
[Source "ChessBase"]
[SourceQuality "1"]
[TimeControl "40/5400+30:1800+30"]

1. e4 d5 2. exd5 Qxd5 3. Nc3 Qa5 4. d4 Nf6 5. Nf3 Bf5 6. Bd2 e6 7. Ne5 c6 8. g4 Bg6 9. h4 Qb6 10. h5 Be4 11. Nxe4 Nxe4 12. Qf3 Nf6 13. Bc3 Nbd7 14. Nc4 Qc7 15. g5 Nd5 16. g6 Qf4 17. gxf7+ Qxf7 18. Qxf7+ Kxf7 19. Bd2 c5 20. Ne5+ Nxe5 21. dxe5 Be7 22. O-O-O Bd8 23. c4 Ne7 24. Be3 Rc8 25. Bg2 Rc7 26. Be4 Nf5 27. Bxf5 exf5 28. Bf4 Re7 29. Bg5 Ree8 30. e6+ Kxe6 31. Rhe1+ Kf7 32. Rd7+ 1-0

[Event "LAT-chT Higher League 2019"]
[Site "Riga"]
[Date "2019.10.12"]
[Round "7.13"]
[White "Galkins, Semjons"]
[Black "Rogule, Laura"]
[Result "0-1"]
[ECO "A29"]
[WhiteElo "1735"]
[BlackElo "2269"]
[Annotator "NA"]
[PlyCount "94"]
[EventDate "2019.02.15"]
[EventType "team-tourn"]
[EventCountry "LAT"]
[SourceTitle "playchess.com"]
[Source "ChessBase"]
[SourceQuality "1"]
[TimeControl "40/5400+30:1800+30"]

1. c4 e5 2. Nc3 Nf6 3. Nf3 Nc6 4. d3 Be7 5. g3 d5 6. cxd5 Nxd5 7. Bg2 Nb6 8. O-O O-O 9. Be3 f5 10. Qd2 h6 11. h4 Be6 12. Rfd1 Qe8 13. Bxb6 axb6 14. Nb5 Bd8 15. b3 Ra5 16. Nc3 Bf6 17. Rac1 Qh5 18. e3 g5 19. hxg5 hxg5 20. Ne2 Kg7 21. Kf1 Bd5 22. Neg1 g4 23. Ne1 Bg5 24. Bxd5 Rxd5 25. Ng2 Qh1 26. Rc4 b5 27. Rc3 Nd4 28. Rxc7+ Rf7 29. Rxf7+ Kxf7 30. Qa5 Nf3 31. Qc7+ Kf6 32. Qb6+ Ke7 33. Nh4 Bxh4 34. gxh4 Qxg1+ 35. Ke2 Qg2 36. Qc7+ Rd7 37. Qc5+ Ke6 38. Qf8 Ng1+ 39. Rxg1 Qxg1 40. Qh6+ Kd5 41. e4+ fxe4 42. dxe4+ Kc5 43. b4+ Kxb4 44. Qf8+ Ka5 45. Qa3+ Kb6 46. Qe3+ Rd4 47. Qh6+ Ka7 0-1

[Event "LAT-chT Higher League 2019"]
[Site "Riga"]
[Date "2019.10.12"]
[Round "7.14"]
[White "Lavendelis, Egons"]
[Black "Janovskis, Daniels"]
[Result "1-0"]
[ECO "C56"]
[WhiteElo "2273"]
[BlackElo "1610"]
[Annotator "NA"]
[PlyCount "91"]
[EventDate "2019.02.15"]
[EventType "team-tourn"]
[EventCountry "LAT"]
[SourceTitle "playchess.com"]
[Source "ChessBase"]
[SourceQuality "1"]
[TimeControl "40/5400+30:1800+30"]

1. e4 e5 2. Nf3 Nc6 3. d4 exd4 4. Bc4 Nf6 5. e5 d5 6. Bb5 Ne4 7. Nxd4 Bd7 8. Bxc6 bxc6 9. O-O Bc5 10. f3 Ng5 11. Be3 O-O 12. Nc3 Ne6 13. Na4 Bb6 14. Qd2 f6 15. Nxe6 Bxe6 16. Nc5 Qe7 17. exf6 Rxf6 18. Qf2 Qf8 19. a4 a5 20. Nxe6 Rxe6 21. Bxb6 cxb6 22. Qxb6 Rb8 23. Qxa5 Rxb2 24. Qc3 Qb8 25. Rfe1 Rxe1+ 26. Rxe1 Qb6+ 27. Kf1 Rb1 28. Rxb1 Qxb1+ 29. Kf2 Qb7 30. Qc5 Qa6 31. a5 Kf7 32. h3 h6 33. Kg3 Qe2 34. Qa7+ Kg6 35. Qc7 Kh7 36. Kh2 Qc4 37. f4 Kg6 38. Qd6+ Kf7 39. f5 Qa4 40. Qg6+ Kf8 41. f6 gxf6 42. Qxf6+ Ke8 43. Qxh6 Qxc2 44. a6 Qa4 45. a7 c5 46. a8=Q+ 1-0

[Event "LAT-chT Higher League 2019"]
[Site "Riga"]
[Date "2019.10.12"]
[Round "7.15"]
[White "Parhomenko, Anastasija"]
[Black "Amerika, Katrina"]
[Result "0-1"]
[ECO "A46"]
[WhiteElo "1423"]
[BlackElo "2225"]
[Annotator "NA"]
[PlyCount "78"]
[EventDate "2019.02.15"]
[EventType "team-tourn"]
[EventCountry "LAT"]
[SourceTitle "playchess.com"]
[Source "ChessBase"]
[SourceQuality "1"]
[TimeControl "40/5400+30:1800+30"]

1. Nf3 Nf6 2. d4 g6 3. b3 Bg7 4. Bb2 d6 5. Nbd2 b6 6. e4 Bb7 7. Bd3 O-O 8. e5 dxe5 9. dxe5 Nfd7 10. h4 Nc5 11. Bf1 Nc6 12. h5 Qd7 13. a3 a5 14. hxg6 hxg6 15. Rh4 Rad8 16. Bb5 Qf5 17. g4 Qf4 18. Qe2 Na7 19. a4 Nxb5 20. axb5 a4 21. bxa4 Bxf3 22. Nxf3 Qb4+ 23. c3 Qxb2 24. Qxb2 Nd3+ 25. Ke2 Nxb2 26. g5 Nd3 27. Re4 Nc5 28. Rc4 Rd5 29. a5 bxa5 30. Rxa5 Bxe5 31. Ra3 Bd6 32. Ra7 Ne6 33. Rb7 Nxg5 34. Nd4 e5 35. Nc2 Ne6 36. Ra4 Nf4+ 37. Ke1 Rd3 38. c4 Ne6 39. Ne3 Nc5 0-1

[Event "LAT-chT Higher League 2019"]
[Site "Riga"]
[Date "2019.10.12"]
[Round "8.1"]
[White "Meshkovs, Nikita"]
[Black "Ehlvest, Jaan"]
[Result "0-1"]
[ECO "E71"]
[WhiteElo "2548"]
[BlackElo "2511"]
[Annotator "ChessBase"]
[PlyCount "66"]
[EventDate "2019.02.15"]
[EventType "team-tourn"]
[EventCountry "LAT"]
[SourceTitle "playchess.com"]
[Source "ChessBase"]
[SourceQuality "1"]
[TimeControl "40/5400+30:1800+30"]

1. d4 Nf6 2. c4 d6 3. Nc3 g6 4. e4 Bg7 5. h3 O-O 6. Be3 Na6 7. g4 c5 8. Nge2 b6 9. Bg2 Bb7 10. d5 Nc7 11. Ng3 Ba6 12. Bf1 e6 13. Qd2 Nd7 14. f4 Re8 15. O-O-O exd5 16. exd5 b5 17. cxb5 Bb7 18. Bf2 Nb6 19. Rg1 a6 20. bxa6 Bxa6 21. Bxa6 Nxa6 22. a3 Nb4 23. axb4 cxb4 24. Nce4 Qc8+ 25. Bc5 dxc5 26. Qc2 c4 27. Nh5 Ra1+ 28. Kd2 c3+ 29. Ke2 Rxd1 30. Kxd1 Nxd5 31. Rg3 cxb2 32. Nxg7 Qxc2+ 33. Kxc2 Rxe4 0-1

[Event "LAT-chT Higher League 2019"]
[Site "Riga"]
[Date "2019.10.12"]
[Round "8.2"]
[White "Kanep, Meelis"]
[Black "Laurusas, Tomas"]
[Result "1/2-1/2"]
[ECO "A12"]
[WhiteElo "2448"]
[BlackElo "2501"]
[Annotator "ChessBase"]
[PlyCount "38"]
[EventDate "2019.02.15"]
[EventType "team-tourn"]
[EventCountry "LAT"]
[SourceTitle "playchess.com"]
[Source "ChessBase"]
[SourceQuality "1"]
[TimeControl "40/5400+30:1800+30"]

1. Nf3 Nf6 2. g3 d5 3. Bg2 c6 4. O-O Bg4 5. b3 Nbd7 6. Bb2 e6 7. c4 Be7 8. d3 O-O 9. Nbd2 a5 10. a3 Bh5 11. h3 h6 12. Qc2 Bg6 13. Rfd1 Qb6 14. cxd5 cxd5 15. Bd4 Bc5 16. Bxc5 Nxc5 17. Rdc1 Rac8 18. Qa2 Rc7 19. b4 axb4 1/2-1/2

[Event "LAT-chT Higher League 2019"]
[Site "Riga"]
[Date "2019.10.12"]
[Round "8.3"]
[White "Sveshnikov, Vladimir"]
[Black "Lanka, Zigurds"]
[Result "1-0"]
[ECO "B22"]
[WhiteElo "2419"]
[BlackElo "2386"]
[Annotator "NA"]
[PlyCount "93"]
[EventDate "2019.02.15"]
[EventType "team-tourn"]
[EventCountry "LAT"]
[SourceTitle "playchess.com"]
[Source "ChessBase"]
[SourceQuality "1"]
[TimeControl "40/5400+30:1800+30"]

1. e4 c5 2. c3 Nf6 3. e5 Nd5 4. d4 cxd4 5. Nf3 Nc6 6. Bc4 Nb6 7. Bb3 d6 8. exd6 Qxd6 9. Na3 a6 10. O-O e6 11. Qe2 Be7 12. Rd1 O-O 13. Nc2 Qc7 14. Ncxd4 Nxd4 15. Rxd4 Bd7 16. Bf4 Qc8 17. Rad1 Bb5 18. c4 Bc6 19. Ne5 Bc5 20. R4d3 f5 21. Nxc6 Qxc6 22. Bd6 Rfe8 23. Bxc5 Qxc5 24. Rd6 Kf7 25. Qe3 Qxe3 26. fxe3 Nc8 27. Rd7+ Re7 28. c5 Rb8 29. Rd8 Rc7 30. Rh8 Rxc5 31. Rd7+ Kf6 32. Rf8+ Ke5 33. Rxg7 b5 34. Rxh7 Rb6 35. Re8 Ke4 36. Kf2 Rcc6 37. Rd7 a5 38. h4 a4 39. Bd5+ Ke5 40. Bxc6 Rxc6 41. h5 Nd6 42. h6 Ne4+ 43. Ke2 Rc2+ 44. Kd1 Rxg2 45. h7 Rg1+ 46. Ke2 Rg2+ 47. Kf1 1-0

[Event "LAT-chT Higher League 2019"]
[Site "Riga"]
[Date "2019.10.12"]
[Round "8.5"]
[White "Chernyak, Viktoria"]
[Black "Krumina, Linda"]
[Result "1-0"]
[ECO "A34"]
[WhiteElo "2284"]
[BlackElo "2070"]
[Annotator "NA"]
[PlyCount "123"]
[EventDate "2019.02.15"]
[EventType "team-tourn"]
[EventCountry "LAT"]
[SourceTitle "playchess.com"]
[Source "ChessBase"]
[SourceQuality "1"]
[TimeControl "40/5400+30:1800+30"]

1. c4 g6 2. Nf3 Bg7 3. Nc3 c5 4. e3 d6 5. Be2 Nh6 6. O-O O-O 7. d4 Nc6 8. d5 Ne5 9. Ne1 f5 10. f4 Neg4 11. Nf3 Nf7 12. Bd2 e5 13. dxe6 Bxe6 14. Qc2 Re8 15. Rad1 Bd7 16. Qc1 Bc6 17. h3 Nf6 18. Be1 Qe7 19. Bf2 Ne4 20. Nxe4 Bxe4 21. Kh2 h6 22. Nd2 Bc6 23. Nb1 Qf6 24. Nc3 Rad8 25. Bg1 g5 26. Bf3 g4 27. Bd5 h5 28. Bf2 h4 29. Be1 g3+ 30. Kg1 Re7 31. Rf3 Rde8 32. Bd2 Kh8 33. Qc2 Nh6 34. Qd3 a6 35. Bc1 Rd8 36. Rff1 Qf8 37. Bf3 Qe8 38. Ne2 b5 39. Bxc6 Qxc6 40. Nc3 bxc4 41. Qxc4 Nf7 42. Rd5 Nh6 43. Rfd1 Red7 44. Qe2 Bf6 45. Qc4 Re8 46. R5d3 Bxc3 47. Qxc3+ Kh7 48. Rd5 Re6 49. b3 Qc8 50. Bb2 Qf8 51. Kf1 Kg6 52. R1d3 Ng8 53. Rxc5 Nf6 54. Rc8 Rd8 55. Rc7 Ne8 56. Rc6 Nf6 57. Qd4 Ne4 58. Qd5 Re7 59. Rxa6 Rc7 60. Qe6+ Kh5 61. Rd5 Rf7 62. Qxe4 1-0

[Event "LAT-chT Higher League 2019"]
[Site "Riga"]
[Date "2019.10.12"]
[Round "8.6"]
[White "Volodin, Aleksandr"]
[Black "Krustkalns, Kristaps"]
[Result "1-0"]
[ECO "A80"]
[WhiteElo "2491"]
[BlackElo "2190"]
[Annotator "ChessBase"]
[PlyCount "73"]
[EventDate "2019.02.15"]
[EventType "team-tourn"]
[EventCountry "LAT"]
[SourceTitle "playchess.com"]
[Source "ChessBase"]
[SourceQuality "1"]
[TimeControl "40/5400+30:1800+30"]

1. d4 f5 2. Nf3 Nf6 3. b4 g6 4. Bb2 Bg7 5. e3 d5 6. c4 c6 7. Nc3 O-O 8. Qb3 e6 9. Be2 Ne4 10. O-O Nd7 11. b5 Kh8 12. Rac1 g5 13. Nxe4 fxe4 14. Ne5 Nxe5 15. dxe5 Qe8 16. Qd1 Bd7 17. Bh5 Qe7 18. Qb3 Rfc8 19. Ba3 Qd8 20. Bd6 dxc4 21. Rxc4 cxb5 22. Rxe4 Bc6 23. Rd4 Bd5 24. Qxb5 a6 25. Qe2 b5 26. Rfd1 Rc4 27. Bf3 Rxd4 28. Rxd4 Bxf3 29. Qxf3 Rc8 30. h4 gxh4 31. Qb7 Rc1+ 32. Kh2 Qc8 33. Qe7 Rc4 34. Rd2 h6 35. f4 Kh7 36. Bb4 Rc7 37. Rd8 1-0

[Event "LAT-chT Higher League 2019"]
[Site "Riga"]
[Date "2019.10.12"]
[Round "8.7"]
[White "Mikelsons, Mikelis-Emils"]
[Black "Mustaps, Matiss"]
[Result "0-1"]
[ECO "E94"]
[WhiteElo "1810"]
[BlackElo "2366"]
[Annotator "NA"]
[PlyCount "86"]
[EventDate "2019.02.15"]
[EventType "team-tourn"]
[EventCountry "LAT"]
[SourceTitle "playchess.com"]
[Source "ChessBase"]
[SourceQuality "1"]
[TimeControl "40/5400+30:1800+30"]

1. d4 Nf6 2. c4 g6 3. Nc3 Bg7 4. e4 O-O 5. Be2 d6 6. Nf3 Nbd7 7. O-O e5 8. Be3 c6 9. h3 exd4 10. Nxd4 Re8 11. Qc2 Qe7 12. Bf3 Ne5 13. Be2 Ned7 14. Bf3 Nc5 15. Rfe1 a5 16. Nb3 Ne6 17. Rad1 h5 18. Qd2 a4 19. Na1 Nd7 20. Nc2 Qh4 21. Qxd6 a3 22. Nxa3 Ng5 23. Bxg5 Qxg5 24. Re3 Ne5 25. Be2 Bf8 26. Qd4 Bc5 27. Qd2 Bxe3 28. Qxe3 Qxe3 29. fxe3 Be6 30. Kf2 h4 31. Ke1 Kf8 32. Rd4 Ke7 33. Kd1 g5 34. Kc1 g4 35. hxg4 Rg8 36. Nc2 Bxg4 37. Bxg4 Rxg4 38. Ne1 Rag8 39. b3 Rxg2 40. Nxg2 Rxg2 41. Rd2 h3 42. Ne2 Nf3 43. Rc2 h2 0-1

[Event "LAT-chT Higher League 2019"]
[Site "Riga"]
[Date "2019.10.12"]
[Round "8.8"]
[White "Lavendelis, Egons"]
[Black "Stasans, Aivars"]
[Result "1-0"]
[ECO "D02"]
[WhiteElo "2273"]
[BlackElo "2100"]
[Annotator "NA"]
[PlyCount "85"]
[EventDate "2019.02.15"]
[EventType "team-tourn"]
[EventCountry "LAT"]
[SourceTitle "playchess.com"]
[Source "ChessBase"]
[SourceQuality "1"]
[TimeControl "40/5400+30:1800+30"]

1. Nf3 Nf6 2. g3 c5 3. Bg2 Nc6 4. d4 e6 5. O-O d5 6. b3 cxd4 7. Nxd4 Bc5 8. Nxc6 bxc6 9. Bb2 O-O 10. Nd2 Ba6 11. c4 Rc8 12. Rc1 Qe7 13. a3 Rfd8 14. b4 Bb6 15. Qa4 Bxc4 16. Nxc4 dxc4 17. Rxc4 Rd2 18. Bc3 Rdd8 19. Bxc6 Nd5 20. Bb2 Qg5 21. b5 Nf6 22. Qb3 e5 23. Qf3 Bd4 24. Bxd4 Rxd4 25. Rxd4 exd4 26. Rd1 Qe5 27. Qd3 h5 28. Rd2 Qc5 29. a4 Rd8 30. e3 Qb4 31. exd4 Qxa4 32. d5 Qb4 33. d6 Qc5 34. d7 Ng4 35. Qd4 Qe7 36. Kg2 Qe1 37. h3 Nf6 38. Ra2 h4 39. Qxh4 a5 40. Qd4 Qe6 41. Rxa5 Kf8 42. Ra3 Nxd7 43. Rd3 1-0